 Dungeon Crawl Stone Soup version 0.31.0-11-ge490571c62 (webtiles) character file.

Game seed: 8175520040145324406

100 qw the Shooter (level 4, 0/22 HPs)
             Began as a Spriggan Hunter on Feb 3, 2024.
             Was an Initiate of Okawaru.
             Incinerated by a bombardier beetle (4 damage)
             ... with a burning spray
             ... on level 4 of the Dungeon.
             The game lasted 00:00:16 (2221 turns).

qw the Shooter (Spriggan Hunter)                    Turns: 2221, Time: 00:00:16

Health: 0/22       AC:  2    Str:  7    XL:     4   Next: 46%
Magic:  5/5        EV: 20    Int: 10    God:    Okawaru [......]
Gold:   195        SH:  0    Dex: 20    Spells: 3/3 levels left

rFire   . . .        a - +0 shortbow
rCold   . . .        (shield currently unavailable)
rNeg    . . .        c - +0 robe
rPois   .            (helmet restricted)
rElec   .            (no cloak)
rCorr   .            (gloves unavailable)
SInv    +            (boots unavailable)
Will    .....        m - amulet of faith
Stlth   +            (no ring)
HPRegen 0.23/turn    (no ring)
MPRegen 0.09/turn

%: faith
@: on fire, about to teleport, glowing, very quick
A: very small, no large weapons, unfitting armour, see invisible, speed 3
a: Renounce Religion


You were on level 4 of the Dungeon.
You worshipped Okawaru.
Okawaru was noncommittal.
You visited 1 branch of the dungeon, and saw 4 of its levels.

You collected 195 gold pieces.


Innate Abilities, Weirdness & Mutations

You are very small and have problems with some larger weapons.
You are too small for most types of armour.
You have supernaturally acute eyesight. (SInv)
You cover ground extremely quickly. (Speed+++)


   Skills:
 + Level 1.6 Fighting
 - Level 5.0 Ranged Weapons
 - Level 5.0 Dodging
 - Level 1.5 Stealth


You had 3 spell levels left.
You didn't know any spells.
Your spell library was empty.

Inventory:

Hand Weapons
 a - a +0 shortbow (weapon)
Armour
 c - a +0 robe (worn)
Jewellery
 m - an amulet of faith (around neck)
Wands
 b - a wand of polymorph (8)
 j - a wand of iceblast (13)
 n - a wand of quicksilver (13)
Scrolls
 e - a scroll of teleportation
Potions
 d - a potion of cancellation
 f - 2 potions of curing
 g - a potion of haste {unknown}
 h - a potion of heal wounds {unknown}
 i - 2 potions of mutation
 k - a potion of invisibility {unknown}
 l - a potion of brilliance {unknown}

Dungeon Overview and Level Annotations

Branches:
Dungeon (4/15)
 Temple: D:4-7

Altars:
Okawaru
Sif Muna


Message History

You shoot an arrow.
The arrow hits the bombardier beetle but does no damage.
The bombardier beetle is heavily wounded.
You shoot an arrow.
The arrow hits the bombardier beetle but does no damage.
The bombardier beetle is heavily wounded.
You shoot an arrow.
The arrow hits the bombardier beetle but does no damage.
The bombardier beetle is heavily wounded.
The bombardier beetle sprays incendiary fluid at you.
The burning spray hits you.
You are covered in liquid fire!
You shoot an arrow.
The arrow hits the bombardier beetle but does no damage.
The bombardier beetle is heavily wounded.
The liquid fire burns you!
You shoot an arrow.
The arrow hits the bombardier beetle but does no damage.
The bombardier beetle is heavily wounded.
The liquid fire burns you!
You shoot an arrow.
The arrow hits the bombardier beetle but does no damage.
The bombardier beetle is heavily wounded.
The liquid fire burns you! The bombardier beetle misses you.
You shoot an arrow. The arrow hits the bombardier beetle.
The bombardier beetle is severely wounded.
The liquid fire burns you!
The bombardier beetle sprays incendiary fluid at you.
The burning spray hits you.
You are even more covered in liquid fire!
You shoot an arrow.
The arrow hits the bombardier beetle but does no damage.
The bombardier beetle is severely wounded.
The liquid fire burns you!
2221 ||| READING 2 scrolls of teleportation.
As you read the scroll of teleportation, it crumbles to dust.
You feel strangely unstable. The liquid fire burns you!
You die...

.....:.#.# .. .......#.. #.#
.......#.# #.. .........#...
#. .......#.#?# #..
.......#... ...
.......#B#.#.# #
.......@.#... #..
.......#.#.#.. .#.#
.......#...##.# # ...#
########.#....... ..#.#
####..##.###.###.##..
#...#...............#
#...##.###.###.###.#
##########................#.#
#........'......#....####...#


You could see a bombardier beetle.

Vanquished Creatures
  Jessica (D:3)
  2 ribbon worms (D:2)
  A dart slug (D:1)
  5 bats
  4 endoplasms
  4 giant cockroaches
  10 hobgoblins
  6 jackals (D:1)
  3 quokkas
  3 ball pythons
  3 frilled lizards
  6 goblins
  4 kobolds
  7 rats
59 creatures vanquished.

Notes
Turn   | Place    | Note
-------+----------+-------------------------------------------
     0 | D:1      | qw the Spriggan Hunter began the quest for the Orb.
     0 | D:1      | Reached XP level 1. HP: 10/10 MP: 2/2
     0 | D:1      | 0 ||| qw: Version: 0.3-a-155-g5e7d8dd
     0 | D:1      | 0 ||| qw: Game counter: 3412
     0 | D:1      | 0 ||| qw: Melee chars always use a shield: true
     0 | D:1      | 0 ||| qw: God list: Okawaru
     0 | D:1      | 0 ||| qw: Allow faded altars: false
     0 | D:1      | 0 ||| qw: Do Orc after clearing Dungeon:15 true
     0 | D:1      | 0 ||| qw: Do second Lair branch before Depths: true
     0 | D:1      | 0 ||| qw: Lair rune preference: random
     0 | D:1      | 0 ||| qw: Goals: Normal
     0 | D:1      | 0 ||| PLANNING D:1-11
    25 | D:1      | Reached skill level 3 in Dodging
   155 | D:1      | Reached XP level 2. HP: 14/14 MP: 3/3
   455 | D:1      | Reached XP level 3. HP: 18/18 MP: 4/4
   838 | D:1      | 838 ||| READING scroll labelled COMIM QEKITHRIN.
   839 | D:1      | 839 ||| READING 3 scrolls labelled OCECWUOFUL.
   844 | D:1      | 844 ||| READING 2 scrolls labelled NUMEPH ZUJOI.
   844 | D:1      | 844 ||| IDENTIFYING grey potion
   845 | D:1      | 845 ||| READING scroll of identify.
   845 | D:1      | 845 ||| IDENTIFYING emerald potion
   846 | D:1      | 846 ||| READING scroll labelled VAETAI UZXAEK.
   847 | D:1      | 847 ||| DROPPING scroll of butterflies.
   848 | D:1      | 848 ||| DROPPING potion of attraction.
  1080 | D:2      | Found an iron altar of Okawaru.
  1081 | D:2      | 1081 ||| PLANNING OKAWARU WORSHIP
  1100 | D:2      | Became a worshipper of Warmaster Okawaru
  1101 | D:2      | 1101 ||| PLANNING D:1-11
  1319 | D:2      | Reached XP level 4. HP: 22/22 MP: 5/5
  1436 | D:2      | 1436 ||| READING scroll of identify.
  1436 | D:2      | 1436 ||| IDENTIFYING coppery potion
  1610 | D:3      | Noticed Jessica
  1613 | D:3      | Killed Jessica
  1621 | D:3      | Found a shimmering blue altar of Sif Muna.
  2082 | D:3      | 2082 ||| UPGRADING to amulet of faith.
  2087 | D:3      | 2087 ||| READING 2 scrolls labelled DAAXKY AJUTT.
  2088 | D:3      | 2088 ||| DRINKING 3 blue potions.
  2089 | D:3      | 2089 ||| DROPPING scroll of revelation.
  2220 | D:4      | HP: 4/22 [burnt (2)]
  2221 | D:4      | 2221 ||| READING 2 scrolls of teleportation.
  2221 | D:4      | Incinerated by a bombardier beetle

Levels and vault maps discovered:
D:1:      spicycebolla_arrival_ecumenical, layout_loops_corners,
          grunt_decor_fettered
D:2:      layout_basic, basic_altar
D:3:      layout_loops_ring, tgw_sif, minmay_misc_feat_five
D:4:      layout_basic, minmay_misc_feat_hallway,
          nicolae_concentric_dashed_squares_mild, minivault_25, uniq_ijyb

Skill      XL: |  1  2  3  4 |
---------------+-------------+-----
Dodging        | 3 4 5 |  5.0
Ranged Weapons | 5 |  5.0
Fighting       | |  1.6
Stealth        | |  1.5

Action                     |  1- 3 |  4- 6 || total
---------------------------+-------+-------++-------
   Fire: Shortbow          |   118 |    34 ||   152
    Use: Scroll            |     5 |     3 ||     8
         Potion            |       |     1 ||     1
 Armour: Robe              |     5 |     2 ||     7
  Dodge: Dodged            |    26 |     8 ||    34

Table legend:
 A = Non-vault XP
 B = Vault XP
 C = Vault XP percentage of total XP
 D = Non-vault monster count
 E = Vault monster count
 F = Vault count percentage of total count
                 A         B        C        D         E       F
            +---------+---------+-------+---------+---------+-------
      Total |     106 |      37 |  25.9 |      58 |       1 |   1.7
            +---------+---------+-------+---------+---------+-------
        D:1 |      56 |       0 |   0.0 |      32 |       0 |   0.0
        D:2 |      42 |       0 |   0.0 |      21 |       0 |   0.0
        D:3 |       6 |      37 |  86.0 |       4 |       1 |  20.0
        D:4 |       2 |       0 |   0.0 |       1 |       0 |   0.0
            +---------+---------+-------+---------+---------+-------
